[Event "*** Titled Tuesday Blitz"]
[Site "Chess.com"]
[Date "2018.10.02"]
[Round "3"]
[White "woodhy"]
[Black "akretchetov"]
[Result "1/2-1/2"]
[WhiteElo "2420"]
[BlackElo "2286"]
[TimeControl "180+2"]
[EndTime "13:36:46 PDT"]
[Termination "Game drawn by agreement"]

1. g3 d5 2. Bg2 c6 3. d4 g6 4. Nf3 Bg7 5. O-O Nh6 6. c4 O-O 7. cxd5 cxd5 8. Nc3 Nc6 9. b3 Nf5 10.
e3 b6 11. Bb2 Ba6 12. Re1 e6 13. Rc1 Rc8 14. Bf1 Bxf1 15. Kxf1 Nd6 16. Kg2 Qd7 17.
Ba3 Rfd8 18. Qd3 Qb7 19. h4 h6 20. h5 g5 21. g4 a6 22. Rc2 Na7 23. Rec1 Ndb5 24.
Nxb5 Nxb5 25. Bb2 Nd6 26. a4 Rxc2 27. Rxc2 Rc8 28. Ba3 Ne4 29. Nd2 Nf6 30. f3 Nd7 31.
Bd6 Rc6 32. Bg3 b5 33. axb5 axb5 34. Rc3 b4 35. Rxc6 Qxc6 36. Be1 Bf8 37. Kf2 Nf6 38. Ke2 Nd7 39. Bg3 Nf6 40. Be5 Nd7 41. Bh2 Nf6 42.
Kd1 Nd7 43. Qc2 Qxc2+ 44. Kxc2 f5 45. Kd3 fxg4 46. fxg4 Nf6 47. Bc7 Nxg4 48. Nf1 Nf2+ 49.
Ke2 Ne4 50. Ng3 Nxg3+ 51. Bxg3 Kf7 52. Kf3 Be7 53. Kg4 Ke8 54. Be5 Kf7 55. Bg3 Bf6 56. Bd6 Be7 57. Bc7 Kf6 58. Bb8 Kf7 59. Be5 Bf6 1/2-1/2

[Event "*** Titled Tuesday Blitz"]
[Site "Chess.com"]
[Date "2018.10.02"]
[Round "3"]
[White "Saitama_Hero"]
[Black "MFBerna"]
[Result "0-1"]
[WhiteElo "2224"]
[BlackElo "2411"]
[TimeControl "180+2"]
[EndTime "13:36:46 PDT"]
[Termination "MFBerna won on time"]

1. d4 d5 2. c4 c6 3. cxd5 cxd5 4. Nc3 Nf6 5. f3 Nc6 6. e4 e6 7. e5 Nd7 8. f4 Be7 9. Nf3 O-O 10. Be3 f6 11.
Bd3 fxe5 12. fxe5 Rf7 13. O-O Nf8 14. a3 Bd7 15. b4 Rc8 16. Ne2 Qe8 17. Qd2 Bd8 18.
Rf2 Ne7 19. g4 Bb5 20. Raf1 Bxd3 21. Qxd3 Neg6 22. h4 Rxf3 23. Rxf3 Bxh4 24. g5 Qd8 25. Qd2 Qc7 26. Nf4 Qc2 27. Nxg6 Nxg6 28. Rc1 Qxc1+ 29.
Qxc1 Rxc1+ 30. Bxc1 Ne7 31. Rc3 Nf5 32. Rc8+ Kf7 33.
Rc7+ Kg6 34. Bb2 Bxg5 35. Rxb7 Be3+ 36. Kf1 Nxd4 37. Rxa7 h5 38. Ra8 Kf5 39. Bxd4 Bxd4 40. a4 h4 41. Kg2 g5 42. a5 g4 43. a6 h3+ 44. Kh1 g3 45. Rf8+ Kg4 46. Rg8+ Kf3 47.
Rf8+ Ke4 48. Rg8 g2+ 49. Rxg2 hxg2+ 50. Kxg2 Bb6 0-1

[Event "*** Titled Tuesday Blitz"]
[Site "Chess.com"]
[Date "2018.10.02"]
[Round "3"]
[White "lavr92"]
[Black "Paparama_1917"]
[Result "1/2-1/2"]
[WhiteElo "2525"]
[BlackElo "2516"]
[TimeControl "180+2"]
[EndTime "13:36:51 PDT"]
[Termination "Game drawn by repetition"]

1. d4 d5 2. c4 e6 3. Nc3 Nf6 4. cxd5 exd5 5. Bg5 Be7 6. e3 Nbd7 7. Bd3 c6 8. h3 Ne4 9. Bxe7 Qxe7 10. Bxe4 dxe4 11. Qg4 Nf6 12. Qxg7 Rg8 13. Qh6 Rxg2 14. Nge2 Rg6 15.
Qh4 Be6 16. O-O-O O-O-O 17. Nf4 Rgg8 18. Nh5 Rg6 19. Nxf6 Qxf6 20. Qxf6 Rxf6 21. Nxe4 Rf3 22. Rh2 Bxa2 23. Rg1 Bd5 24. Ng5 Rf6 25. Nxh7 Rh6 26.
Rg7 Rh8 27. Ng5 Rf6 28. h4 Kd8 29. Kd2 Ke8 30. e4 Kf8 31. exd5 Kxg7 32. dxc6 bxc6 33. Ke3 Re8+ 34. Kd3 Rf4 35. Rg2 Kf8 36. h5 Rh4 37. Nh7+ Ke7 38. Rg5 Rd8 39. Re5+ Kd6 40. Nf6 Kc7 41.
Re7+ Kb6 42. Ne4 c5 43. f3 f5 44. Re6+ Kb5 45. Nc3+ Ka5 46. d5 Rxh5 47. Re7 Kb6 48. Re6+ Ka5 49. Re7 Kb6 50. Re6+ Ka5 51. Re7 1/2-1/2

[Event "*** Titled Tuesday Blitz"]
[Site "Chess.com"]
[Date "2018.10.02"]
[Round "3"]
[White "kleinebeer98"]
[Black "MatthewG-p4p"]
[Result "1-0"]
[WhiteElo "2536"]
[BlackElo "2665"]
[TimeControl "180+2"]
[EndTime "13:36:51 PDT"]
[Termination "kleinebeer98 won by resignation"]

1. e4 e6 2. d4 d5 3. Bd3 dxe4 4. Bxe4 Nf6 5. Bf3 c5 6. Ne2 Nc6 7. Be3 cxd4 8. Nxd4 Ne5 9. Nc3 a6 10. Qe2 Qc7 11. O-O-O Nxf3 12. Qxf3 Be7 13. g4 Nd7 14. Bf4 Qb6 15. Be3 Qc7 16. h4 Bb4 17. Bf4 Qb6 18. a3 Bxc3 19. Qxc3 O-O 20. h5 Re8 21. h6 e5 22. Nf5 g6 23. Nd6 Rf8 24. Bxe5 Qc5 25. Qxc5 Nxc5 26. Bg7 Bxg4 27. Rd4 Rfd8 28. Re1 Ne6 29.
Ne4 Nxg7 30. Nf6+ Kh8 31. Rxd8+ Rxd8 32. hxg7+ Kxg7 33. Nxg4 h5 34. Ne3 g5 35. Rh1 h4 36. f4 f6 37. c4 Kg6 38. fxg5 fxg5 39. b4 Rd3 40. Nd5 Rxa3 41. Kc2 h3 42. Nc3 a5 43. b5 a4 44. c5 Rb3 45. Rxh3 Rb4 46.
Rh8 Rc4 47. Rc8 a3 48. Kb3 a2 49. Nxa2 1-0

[Event "*** Titled Tuesday Blitz"]
[Site "Chess.com"]
[Date "2018.10.02"]
[Round "3"]
[White "RiskyDecision"]
[Black "ChristopherYoo"]
[Result "0-1"]
[WhiteElo "2380"]
[BlackElo "2346"]
[TimeControl "180+2"]
[EndTime "13:36:51 PDT"]
[Termination "ChristopherYoo won by checkmate"]

1. d4 Nf6 2. c4 g6 3. g3 Bg7 4. Bg2 O-O 5. Nc3 d6 6. Nf3 Nc6 7. O-O e5 8. dxe5 dxe5 9. Qxd8 Rxd8 10. Bg5 Be6 11. b3 e4 12. Nd2 e3 13. Bxe3 Ng4 14.
Nde4 Nxe3 15. fxe3 Bf5 16. Rac1 Re8 17. Nc5 Rxe3 18.
Nd5 Bd4 19. Nxb7 Rxb3+ 20. e3 Rxe3 21. Nxe3 Bxe3+ 22. Kh1 Bxc1 23. Rxc1 Ne5 24. Re1 f6 25. Bd5+ Kg7 26. Nd6 Rd8 27. Nb7 Rb8 28. c5 c6 29.
Rxe5 Rxb7 30. Rxf5 gxf5 31. Bxc6 Rc7 32. Ba4 Rxc5 33. Bb3 f4 34. gxf4 Rf5 35. Kg2 Rxf4 36. Kg3 Rb4 37. Bd5 f5 38. Be6 Kf6 39. Bg8 h5 40. h3 h4+ 41. Kf3 Ke5 42. Bf7 Rd4 43. Bg8 Rd3+ 44. Kg2 Kf4 45. Be6 Rd2+ 46. Kf1 Kg3 47.
Ke1 Rf2 48. a4 f4 49. a5 f3 50. a6 Re2+ 51. Kf1 Rxe6 52. Kg1 Re1# 0-1

[Event "*** Titled Tuesday Blitz"]
[Site "Chess.com"]
[Date "2018.10.02"]
[Round "3"]
[White "Zq1"]
[Black "pKiLz5Rn9b"]
[Result "1-0"]
[WhiteElo "2593"]
[BlackElo "2789"]
[TimeControl "180+2"]
[EndTime "13:36:56 PDT"]
[Termination "Zq1 won on time"]

1. d4 Nf6 2. c4 e6 3. Nc3 Bb4 4.
e3 O-O 5. Bd3 d5 6. Nf3 c5 7.
O-O cxd4 8. exd4 dxc4 9. Bxc4 Bxc3 10. bxc3 b6 11. Bg5 Bb7 12. Ne5 Nbd7 13. Nxd7 Qxd7 14. Bxf6 gxf6 15. Qg4+ Kh8 16. Qh4 Rg8 17. Qxf6+ Rg7 18. f3 Rg8 19. Rf2 Qc7 20. Bf1 Qxc3 21. Re1 Bd5 22.
Rd1 Qc7 23. h4 Qd8 24. Qf4 Qb8 25. Qf6 Qd8 26. Qf4 f5 27. Rc1 Qf6 28. Rfc2 a5 29.
Rc8 Bxa2 30. h5 Bd5 31. h6 Rg6 32. Rxg8+ Rxg8 33. Rc7 a4 34. Ra7 a3 35. Rxa3 Rd8 36. Ra7 Bc6 37. Rc7 Ba8 38. Ra7 Bc6 39. Bc4 b5 40. Bb3 b4 41. Kh2 Rg8 42. Kg1 Bd5 43.
Bxd5 exd5 44. Rb7 b3 45. Rxb3 Re8 46. Rb8 Qe6 47. Rxe8+ Qxe8 48. Qe5+ Qxe5 49. dxe5 f4 50. g3 fxg3 51. Kg2 d4 52. Kxg3 d3 53. Kf2 d2 54.
Ke2 Kg8 55. Kxd2 Kf7 56. f4 Ke6 57. Ke3 1-0

[Event "*** Titled Tuesday Blitz"]
[Site "Chess.com"]
[Date "2018.10.02"]
[Round "3"]
[White "dmosesov"]
[Black "Bauxi435"]
[Result "0-1"]
[WhiteElo "2313"]
[BlackElo "2430"]
[TimeControl "180+2"]
[EndTime "13:37:04 PDT"]
[Termination "Bauxi435 won by resignation"]

1. e4 c5 2. Nf3 e6 3. d4 cxd4 4.
Nxd4 Nf6 5. Nc3 Nc6 6. Ndb5 Bc5 7. Bf4 O-O 8. Bd6 Qb6 9. Bxc5 Qxc5 10. Qd6 Qb6 11. Bd3 a6 12. Qc7 Qc5 13. Nd6 b5 14. O-O Ra7 15. b4 Qxc3 16. Qb6 Qd4 17. Qxd4 Nxd4 18. c3 Nc6 19. f4 Rc7 20. Rac1 Ne8 21. e5 Bb7 22. Be4 Nd8 23. Bxb7 Nxb7 24. Ne4 f5 25.
Ng5 h6 26. Nf3 g6 27. Rfd1 Ng7 28. Nd4 Rfc8 29. Rd3 Kf7 30. Kf2 Ke7 31. Ke2 d6 32.
Nf3 d5 33. Nd4 Nd8 34. Kd2 Nc6 35. Nb3 Nd8 36. a3 Nb7 37. Nd4 g5 38. fxg5 hxg5 39. Rh3 Kf7 40. Rh6 Nd8 41. Rf6+ Kg8 42. Rg6 g4 43. h3 Kh7 44. Rf6 g3 45. Ne2 Nh5 46. Rf8 Nf7 47. Rxc8 Rxc8 48. Nd4 Nxe5 49. Nxe6 Nc4+ 50.
Kd3 Re8 51. Nc7 Nf4+ 52. Kd4 Ne2+ 53. Kc5 Rc8 54. Re1 Rxc7+ 55. Kxd5 Nxc3+ 56. Ke6 Kg6 57. Re3 Ne4 58. Rf3 Rc6+ 59. Kd7 Rd6+ 60. Kc7 Ne5 61. Re3 Rd3 62. Re2 Rd2 63. Re3 Rxg2 64. Kb6 Nc4+ 0-1

[Event "*** Titled Tuesday Blitz"]
[Site "Chess.com"]
[Date "2018.10.02"]
[Round "3"]
[White "ChainsOfFantasia"]
[Black "WPWPWP-2015"]
[Result "0-1"]
[WhiteElo "2341"]
[BlackElo "2297"]
[TimeControl "180+2"]
[EndTime "13:37:12 PDT"]
[Termination "WPWPWP-2015 won by resignation"]

1. Nc3 e5 2. e3 Nf6 3. d4 exd4 4.
exd4 d5 5. Nf3 h6 6. Bd3 Bd6 7.
O-O O-O 8. Ne2 c6 9. Bf4 Bg4 10. Bxd6 Qxd6 11. Ng3 Re8 12. h3 Be6 13. Re1 Nbd7 14.
Ne5 Nf8 15. Qf3 c5 16. c3 cxd4 17. cxd4 Qb6 18. Rad1 Qxb2 19. Nh5 Nxh5 20. Qxh5 Rad8 21. Re3 f6 22. Ng4 Bxg4 23. Qxg4 Rxe3 24. fxe3 Qb6 25. Rb1 Qc6 26. Qf5 b6 27. Bb5 Qe6 28. Qxe6+ Nxe6 29. Rc1 Kf7 30. Rc6 Ke7 31. a4 f5 32. g3 Ra8 33.
Bd3 Kd7 34. Rc1 g6 35. Bb5+ Ke7 36. Kf2 a6 37. Bd3 Kd6 38. Ke2 Nc7 39. g4 Rf8 40.
gxf5 gxf5 41. Rg1 Rf6 42. Rg8 b5 43. axb5 axb5 44. Rc8 Kd7 45. Rb8 Kc6 46. Rc8 b4 47.
Rb8 f4 48. Rxb4 Re6 49. Kd2 Rxe3 50. Bf1 Rf3 51. Ke2 Re3+ 52. Kf2 Ne6 53. Ra4 Kd7 54. Ra7+ Kd6 55. Rh7 Re4 56. Rxh6 Rxd4 57. h4 Ke5 58. h5 Ng5 59. Ra6 Rd2+ 60. Be2 f3 61. h6 Rxe2+ 62.
Kf1 Rh2 63. Rg6 Ne4 64. h7 Rh1+ 65. Rg1 Rxh7 0-1

[Event "*** Titled Tuesday Blitz"]
[Site "Chess.com"]
[Date "2018.10.02"]
[Round "3"]
[White "Shant_Sargsyan"]
[Black "Aygehovit1992"]
[Result "1-0"]
[WhiteElo "2908"]
[BlackElo "2662"]
[TimeControl "180+2"]
[EndTime "13:37:24 PDT"]
[Termination "Shant_Sargsyan won by resignation"]

1. d4 Nf6 2. c4 g6 3. Nc3 Bg7 4. g3 O-O 5. Bg2 d6 6. Nf3 Nc6 7. O-O Bf5 8. Bg5 h6 9. Be3 e5 10. dxe5 Ng4 11. Bd2 Ngxe5 12. Nxe5 dxe5 13. Be3 Nd4 14. Rc1 c6 15. Qd2 Kh7 16. Rfd1 Qe7 17. b3 Rad8 18. Qb2 Bg4 19. h3 Be6 20. Rd2 f5 21. f4 exf4 22. Bxf4 g5 23. Be3 f4 24.
Bf2 f3 25. exf3 Nxf3+ 26. Bxf3 Rxf3 27. Rxd8 Qxd8 28. Qe2 Qf6 29. Ne4 Qf5 30. Nd6 Qf6 31. Ne8 Qb2 32. Re1 Rxf2 33. Kxf2 Bxh3 34. Nxg7 Qd4+ 35.
Qe3 Qxg7 36. Qe4+ Kg8 37. Qe8+ Qf8+ 38. Qxf8+ Kxf8 39. Rh1 g4 40. Ke3 Kf7 41. Kf4 Ke6 42. Re1+ Kd6 43. Re5 b6 44. Rh5 a5 45. a3 Bf1 46.
Rxh6+ Kc5 47. Ke3 a4 48. Rh5+ Kd6 49. bxa4 Bxc4 50. a5 bxa5 51. Rxa5 c5 52. Ra8 Kc6 53. Rh8 Kb5 54. Rh5 Bb3 55. Kd3 Bd1 56. Kc3 Bf3 57.
a4+ Kxa4 58. Rxc5 Bd1 59. Rg5 Bf3 60. Kc4 Be2+ 61. Kd4 Kb4 62. Ke3 Bf3 63. Kf4 Kc4 64. Rxg4 Bxg4 65. Kxg4 Kd5 66. Kf5 1-0

[Event "*** Titled Tuesday Blitz"]
[Site "Chess.com"]
[Date "2018.10.02"]
[Round "3"]
[White "Korchmar_Vasiliy"]
[Black "SantoBlue"]
[Result "0-1"]
[WhiteElo "2672"]
[BlackElo "2826"]
[TimeControl "180+2"]
[EndTime "13:37:31 PDT"]
[Termination "SantoBlue won by resignation"]

1. d4 Nf6 2. Nf3 e6 3. Bf4 b6 4. e3 Bb7 5. Nbd2 Be7 6. h3 O-O 7. c3 c5 8. a3 Nc6 9. Bd3 d6 10. Qe2 Re8 11. O-O Bf8 12. Bh2 a6 13. Rad1 b5 14.
e4 cxd4 15. cxd4 e5 16. d5 Ne7 17. b4 Ng6 18. Nb3 Bc8 19. Na5 Bd7 20. Rc1 Qb6 21.
Rc3 Rac8 22. Rfc1 Rxc3 23. Rxc3 Nh5 24. Qe3 Qxe3 25. fxe3 Rc8 26. Rxc8 Bxc8 27. Kf2 Nf6 28. Nd2 Nd7 29. Nb1 Nb6 30. Nc3 f6 31. Be2 Kf7 32. Nc6 Ke8 33. Bh5 Kd7 34. Be2 Ne7 35. Na5 Kc7 36.
g4 g6 37. Bg3 f5 38. exf5 gxf5 39. gxf5 Bxf5 40. h4 Nbxd5 41. Nxd5+ Nxd5 42. Bf3 e4 43. Bg2 Bh6 44. Nb3 Bxe3+ 45. Ke2 Bg4+ 46. Ke1 Nc3 47. Nc5 Bf3 48. Bh3 Kc6 49. Ne6 d5 50. Nd8+ Kb6 51. Ne6 d4 52. Bc7+ Kc6 53. Be5 Kd5 54. Bg7 Kc4 55.
Nc5 d3 56. Be6+ Nd5 57. Nb3 Kxb3 58. Bxd5+ Kc2 0-1

[Event "*** Titled Tuesday Blitz"]
[Site "Chess.com"]
[Date "2018.10.02"]
[Round "3"]
[White "017290"]
[Black "tony15051987"]
[Result "0-1"]
[WhiteElo "2449"]
[BlackElo "2610"]
[TimeControl "180+2"]
[EndTime "13:37:35 PDT"]
[Termination "tony15051987 won by checkmate"]

1. e4 c5 2. Nf3 e6 3. c3 d5 4. exd5 Qxd5 5. d4 Nf6 6. Be3 cxd4 7. cxd4 Nc6 8. Nc3 Qd6 9. Be2 Be7 10. O-O O-O 11. Re1 Bd7 12. Rc1 Rad8 13. Ne5 Nxe5 14.
dxe5 Qxe5 15. Bxa7 Bc6 16. Qc2 Qg5 17. Bf1 Rd2 18.
Qb3 Ng4 19. Ne4 Bxe4 20. Rxe4 Rxf2 21. Rcc4 Rxf1+ 22. Kxf1 Nxh2+ 23. Kg1 Bd6 24. Bc5 Bxc5+ 25. Kxh2 b5 26. Rc3 Bd6+ 27. Kg1 b4 28. Rcc4 h6 29.
Qf3 Be5 30. Kf1 Rd8 31. Rc5 f6 32. Qe2 Kh7 33. Qc2 Qf5+ 34. Kg1 Bd4+ 35. Rxd4 Qxc2 36. Rxc2 Rxd4 37. Kf2 e5 38. Ke3 h5 39. a3 bxa3 40. bxa3 Ra4 41. Ra2 g5 42. Kd3 Kg6 43. Kc3 h4 44.
Kb3 Ra8 45. a4 g4 46. Kb4 f5 47. Kc5 f4 48. Kd5 Kf5 49. a5 f3 50. gxf3 gxf3 51.
a6 Kf4 52. Ra4+ Kg3 53. Ke4 f2 54. Ra3+ Kg2 55. Ra2 Kg1 56. a7 f1=Q 57. Ke3 Rxa7 58. Rc2 Qf4+ 59. Ke2 Qe4+ 60. Kd2 Qxc2+ 61. Ke3 Qc5+ 62.
Ke4 Ra4+ 63. Kf5 Rf4+ 64. Kg5 Qe7+ 65. Kh5 Qf7+ 66. Kh6 Rf6+ 67. Kg5 Qg6+ 68. Kxh4 Rf4+ 69. Kh3 Qg4# 0-1

[Event "*** Titled Tuesday Blitz"]
[Site "Chess.com"]
[Date "2018.10.02"]
[Round "3"]
[White "TastyFrenchFries"]
[Black "PaulfromSPb"]
[Result "1-0"]
[WhiteElo "2408"]
[BlackElo "2506"]
[TimeControl "180+2"]
[EndTime "13:37:41 PDT"]
[Termination "TastyFrenchFries won by checkmate"]

1. Na3 d5 2. Nh3 Bxh3 3. gxh3 e5 4.
c4 d4 5. Bg2 c6 6. Qb3 Qc7 7. d3 Nf6 8. e3 Nbd7 9. Nc2 dxe3 10. Bxe3 Bc5 11. O-O-O O-O-O 12. d4 exd4 13. Nxd4 Rhe8 14.
Kb1 Qb6 15. Qc3 g6 16. a3 a5 17. Rhe1 Ne4 18. Bxe4 Rxe4 19. Rd2 f5 20. f3 Ree8 21. Red1 Nf6 22. Bg5 Bxd4 23. Rxd4 Rxd4 24. Rxd4 Nd7 25.
Rd1 Qc7 26. Qd4 c5 27. Qd5 Nb6 28. Qd3 Qd7 29. Qc2 Qe6 30. Qc3 Nxc4 31. Rc1 b5 32. a4 Qe5 33. axb5 Qxc3 34. Rxc3 Nd6 35. Rxc5+ Kb7 36.
Rd5 Re6 37. h4 a4 38. Ka2 Nc4 39. Rc5 Nd6 40. Ka3 Kb6 41. Kb4 Nb7 42. Rc4 Nd6 43. Rc6+ Kb7 44. Bf4 Re2 45. Bxd6 Rxb2+ 46. Kxa4 Rf2 47.
Rc3 Rb2 48. Ba3 Ra2 49. Kb3 Rxh2 50. Re3 Rxh4 51. Bc5 Rh3 52. Kc4 Rh1 53. Kd5 Rd1+ 54. Bd4 Rb1 55. b6 Rb5+ 56. Ke6 Rb4 57. Kd5 Rb5+ 58. Kc4 Rb1 59. Kd5 h5 60. Re7+ Kc8 61. Kc6 Kd8 62. Rg7 h4 63. Bc5 Ke8 64. b7 h3 65. Rh7 g5 66. Rxh3 g4 67. fxg4 fxg4 68.
Rh8+ Kf7 69. b8=Q Rxb8 70. Rxb8 Ke6 71. Rb1 Kf5 72. Rg1 Kf4 73. Kb5 Kf3 74. Kc4 g3 75.
Kd3 Kf4 76. Ke2 Kg4 77. Be3 Kh3 78. Kf3 Kh2 79. Rg2+ Kh1 80. Rxg3 Kh2 81. Kf2 Kh1 82. Rh3# 1-0

[Event "*** Titled Tuesday Blitz"]
[Site "Chess.com"]
[Date "2018.10.02"]
[Round "3"]
[White "cool4chess"]
[Black "AnkitGajwa"]
[Result "1/2-1/2"]
[WhiteElo "2153"]
[BlackElo "2302"]
[TimeControl "180+2"]
[EndTime "13:37:44 PDT"]
[Termination "Game drawn - insufficient material"]

1. e4 c5 2. Nf3 d6 3. d4 cxd4 4. Nxd4 Nf6 5. Nc3 Nc6 6. Bg5 e6 7. Qd2 a6 8. O-O-O Bd7 9. f4 b5 10. e5 dxe5 11. Nxc6 Bxc6 12. Qf2 Qb8 13. fxe5 Qxe5 14.
Bf4 Qc5 15. Be3 Qf5 16. Qxf5 exf5 17. Bd3 Bxg2 18. Rhe1 Be4 19. Bg5 O-O-O 20. Nxe4 fxe4 21. Bxf6 gxf6 22. Rxe4 Bd6 23. Rf1 Be5 24. a4 Rhg8 25. axb5 axb5 26. Rh4 Rg2 27. Rxh7 Bxh2 28. Rxf7 Be5 29.
Bxb5 Rdd2 30. Bd3 Bxb2+ 31. Kxb2 Rxd3 32. R1xf6 Rdd2 33. Rc6+ Kd8 34. Ra7 Rd7 35. Ra8+ Ke7 36. Rb8 Re2 37. Rc3 Kd6 38. Rd3+ Kc7 39. Rxd7+ Kxd7 40.
Kb3 Kc7 41. Rh8 Re7 42. c4 Re3+ 43. Kb4 Re7 44. Kb5 Kb7 45. c5 Kc7 46. Rh6 Rg7 47. Ra6 Kb7 48. c6+ Kb8 49. Kb6 Rb7+ 50. Kc5 Rh7 51.
Ra4 Rh1 52. Rd4 Rc1+ 53. Kd6 Kc8 54. Rd3 Rc2 55. Rd1 Rc3 56. Ra1 Rd3+ 57. Kc5 Rc3+ 58. Kb5 Rb3+ 59. Kc4 Rb2 60. Ra4 Kc7 61. Kc5 Rc2+ 62.
Rc4 Rxc4+ 63. Kxc4 Kxc6 1/2-1/2

[Event "*** Titled Tuesday Blitz"]
[Site "Chess.com"]
[Date "2018.10.02"]
[Round "3"]
[White "Vamostodorecto"]
[Black "biostatistician"]
[Result "1/2-1/2"]
[WhiteElo "2422"]
[BlackElo "2572"]
[TimeControl "180+2"]
[EndTime "13:37:45 PDT"]
[Termination "Game drawn by repetition"]

1. d4 Nf6 2. c4 g6 3. Nc3 Bg7 4. e4 d6 5. Be2 O-O 6. Nf3 e5 7. O-O Nc6 8. d5 Ne7 9. Ne1 Ne8 10. Be3 f5 11. f3 f4 12. Bf2 g5 13.
Rc1 Ng6 14. c5 Rf7 15. Nb5 a6 16. Na3 Nf6 17. cxd6 cxd6 18. Nc4 g4 19. Nb6 Rb8 20.
Kh1 g3 21. Bg1 gxh2 22. Bf2 Nh5 23. Nxc8 Rxc8 24. Rxc8 Qxc8 25. Kxh2 Rc7 26. Nd3 Bf6 27.
Rh1 Qd8 28. Kg1 Bh4 29. Bb6 Ng3 30. Rh3 Rc1 31. Nxc1 Qxb6+ 32. Kh2 Qxb2 33. Bc4 Qf2 34. Qg1 Qd2 35. Nb3 Qxa2 36. Qb6 Qb1 37. Qg1 Qc2 38.
Qc1 Qf2 39. Bd3 b5 40. Qc8+ Nf8 41. Rxh4 Nf1+ 42. Bxf1 Qxh4+ 43. Kg1 Qe1 44. Qg4+ Kf7 45. Qc8 Qe3+ 46. Kh2 Qxb3 47. Qxa6 b4 48. Qb7+ Kf6 49.
Qc8 Ng6 50. Qe6+ Kg5 51. Qxd6 Qc3 52. Qe6 b3 53. Qf5+ Kh6 54. Qh3+ Kg7 55. Qd7+ Kf8 56. Qd6+ Kf7 57. Qe6+ Kg7 58. Qd7+ Kf6 59. Qe6+ Kg5 60. Qf5+ Kh6 61. Qh3+ Kg7 62. Qd7+ 1/2-1/2

[Event "*** Titled Tuesday Blitz"]
[Site "Chess.com"]
[Date "2018.10.02"]
[Round "3"]
[White "Maikrosoft63"]
[Black "TrimitziosP7"]
[Result "1-0"]
[WhiteElo "2557"]
[BlackElo "2560"]
[TimeControl "180+2"]
[EndTime "13:37:54 PDT"]
[Termination "Maikrosoft63 won on time"]

1. e4 c5 2. Nf3 d6 3. d4 cxd4 4. Nxd4 Nf6 5. Nc3 a6 6. Be3 Ng4 7. Bg5 Nc6 8. Be2 Nf6 9. Qd2 Qb6 10. Nb3 e6 11. O-O-O Be7 12. Be3 Qc7 13. g4 b5 14. f3 Bb7 15. g5 Nd7 16. h4 Nce5 17.
f4 Nc4 18. Bxc4 Qxc4 19. Na5 Qc7 20. Nxb7 Qxb7 21. Qg2 O-O-O 22. Kb1 Kb8 23. h5 g6 24. Bd4 Rhf8 25. hxg6 hxg6 26. a3 Nc5 27. Qe2 Rc8 28. Rh7 Rc7 29. Bf6 Bxf6 30. gxf6 Rd8 31. Qe3 Qc6 32. Rd4 Rdd7 33. Na2 a5 34. Nc3 Rb7 35.
Rh8+ Kc7 36. b4 Na6 37. bxa5 b4 38. axb4 Nxb4 39. Kc1 Qc5 40. Kd2 Nc6 41. Ra4 Rb4 42.
Qxc5 dxc5+ 43. Ke3 Rxa4 44. Nxa4 Nxa5 45. Nxc5 Rd1 46.
Rf8 Nc4+ 47. Ke2 Rd2+ 48. Ke1 Kc6 49. Nb3 Rd7 50. Rc8+ Kb5 51. Ke2 Nd6 52. Rc5+ Kb6 53. e5 Nf5 54. Rc4 Rd8 55. Kf3 Rh8 56. Nd4 Rh3+ 57.
Kg2 Rh4 58. Nxf5 gxf5 59. Kg3 Rg4+ 60. Kf3 Rh4 61. Rd4 1-0

[Event "*** Titled Tuesday Blitz"]
[Site "Chess.com"]
[Date "2018.10.02"]
[Round "3"]
[White "DishonorOnYourCow"]
[Black "BasilSmash"]
[Result "1-0"]
[WhiteElo "2259"]
[BlackElo "2387"]
[TimeControl "180+2"]
[EndTime "13:37:57 PDT"]
[Termination "DishonorOnYourCow won by resignation"]

1. d4 d5 2. c4 e6 3. Nc3 Nf6 4. cxd5 exd5 5. Bg5 c6 6. e3 Be7 7. Bd3 Nbd7 8. Nge2 h6 9. Bh4 Nh5 10. Bxe7 Qxe7 11. O-O O-O 12. Qc2 Nb6 13. Rae1 Bd7 14. e4 dxe4 15. Nxe4 Rad8 16. Nc5 Bc8 17. Ng3 Qg5 18. Re5 f5 19. Nxf5 Bxf5 20. Bxf5 Kh8 21. Ne6 Qf6 22. Nxf8 Rxf8 23. Bg4 Nf4 24. Rf5 Qd8 25.
Rxf8+ Qxf8 26. Re1 Nbd5 27. g3 Nf6 28. gxf4 Nxg4 29.
Qg6 Nf6 30. a3 a5 31. Qf5 Qd6 32. Qxa5 Qxf4 33. Qc3 Qg4+ 34. Qg3 Qxd4 35. Re7 Qd1+ 36. Kg2 Qd5+ 37. f3 Qd2+ 38. Kh3 Nh5 39. Qb8+ Kh7 40. Qc8 Qg5 41. Qg4 Nf4+ 42. Kg3 Nh5+ 43. Kh3 Nf4+ 44. Kg3 Qxe7 45. Qxf4 Qe1+ 46. Kg4 Qg1+ 47. Kh3 Qg6 48. a4 Qb1 49. Qd2 Qf5+ 50. Kg3 Kg6 51. a5 Qe5+ 52. Kg2 Kf6 53. b4 g5 54. Qd8+ Ke6 55. Qc8+ Kd5 56. Qxb7 Qe2+ 57. Kg3 Qe5+ 58. Kh3 Qf5+ 59. Kg2 Qc2+ 60.
Kg3 Qf5 61. a6 Qf4+ 62. Kg2 Qd2+ 63. Kh3 Qf4 64. Qd7+ Kc4 65. Qe6+ Kxb4 66. Qe4+ Qxe4 67. fxe4 c5 68. a7 1-0

[Event "*** Titled Tuesday Blitz"]
[Site "Chess.com"]
[Date "2018.10.02"]
[Round "3"]
[White "maciek_92"]
[Black "Zhuu96"]
[Result "1-0"]
[WhiteElo "2636"]
[BlackElo "2883"]
[TimeControl "180+2"]
[EndTime "13:37:58 PDT"]
[Termination "maciek_92 won by resignation"]

1. c4 g6 2. Nc3 Bg7 3. g3 e5 4.
Bg2 Nc6 5. e4 d6 6. Nge2 f5 7.
d3 Nf6 8. O-O O-O 9. h3 fxe4 10.
dxe4 Be6 11. Nd5 Qd7 12. Kh2 Kh8 13. Be3 Ne7 14. Qd2 c6 15. Nxf6 Bxf6 16. Rac1 c5 17. Rfd1 Rad8 18. b4 b6 19. b5 Rf7 20. Qd3 g5 21.
Nc3 Ng6 22. Nd5 h6 23. a4 Nf4 24. gxf4 gxf4 25. Bd2 Bh4 26. Qf3 Rg8 27. Rg1 Rfg7 28. Bh1 Qf7 29. Rg2 Bg3+ 30. fxg3 fxg3+ 31. Rxg3 Rxg3 32. Qxg3 Rxg3 33. Kxg3 Qh5 34. Bg2 Qe2 35. Bxh6 Kh7 36. Bg5 Kg6 37. h4 Bxd5 38. exd5 Qd3+ 39. Kh2 Kh5 40. Rf1 e4 41. Re1 Qxc4 42. Bxe4 Qc3 43. Re3 Qb2+ 44. Kh3 c4 45. Bf3+ Kg6 46. Re6+ Kh7 47.
Be4+ Kg8 48. h5 c3 49. h6 c2 50. h7+ Kf7 51. Bxc2 Qc3+ 52. Kg4 Qc4+ 53. Bf4 Qxd5 54. h8=Q Qxe6+ 55. Bf5 Qe2+ 56. Kg5 Qg2+ 57. Bg4 Qd5+ 58.
Kh6 Qh1+ 59. Bh5+ Ke6 60. Qe8+ Kf5 61. Qf7+ Ke4 62. Bxd6 Qc1+ 63. Kg7 Qc3+ 64. Qf6 Qc8 65. Bg6+ Ke3 66. Qe5+ Kd2 67. Qd4+ Ke2 68. Bh5+ Kf1 69. Qf4+ Ke1 70. Bb4+ 1-0

[Event "*** Titled Tuesday Blitz"]
[Site "Chess.com"]
[Date "2018.10.02"]
[Round "3"]
[White "Iball95"]
[Black "Ravan_02"]
[Result "0-1"]
[WhiteElo "2569"]
[BlackElo "2556"]
[TimeControl "180+2"]
[EndTime "13:38:31 PDT"]
[Termination "Ravan_02 won by checkmate"]

1. d4 g6 2. e4 Bg7 3. Nf3 d6 4.
Bc4 Nf6 5. Qe2 O-O 6. e5 dxe5 7.
dxe5 Nd5 8. h3 c6 9. O-O a5 10.
c3 b6 11. Nbd2 Ba6 12. e6 f5 13. Re1 Qc7 14. Bxa6 Nxa6 15. Nc4 Nc5 16. Nce5 Ne4 17. Nc4 b5 18. Ne3 Nf4 19. Qc2 Rad8 20. a4 Nd3 21. Re2 b4 22. cxb4 Nxb4 23. Qc4 Nd3 24. Rb1 Nf4 25.
Re1 Nd3 26. Re2 Qb6 27. Bd2 Ndxf2 28. Be1 Nd3 29. Kh1 Nf4 30. Bh4 Nxe2 31. Qxe2 Nc3 32. bxc3 Qxb1+ 33. Kh2 Qe4 34. Bxe7 f4 35. Bxd8 Rxd8 36.
e7 Re8 37. Qc4+ Qxc4 38. Nxc4 Bxc3 39. Nfe5 Bxe5 40. Nxe5 Rxe7 41. Nxc6 Re4 42. Nxa5 Rxa4 43. Nc6 Kg7 44. h4 f3 45. gxf3 Rxh4+ 46. Kg3 Ra4 47. Ne5 Ra5 48. Nc6 Ra1 49. Ne5 h5 50. Nd7 Kf7 51.
Ne5+ Kf6 52. Nc4 g5 53. Ne3 Ra3 54. Nc4 Rc3 55. Nd2 Kg6 56. Ne4 Ra3 57. Kg2 Kf5 58.
Ng3+ Kg6 59. Ne4 Ra2+ 60. Kg3 h4+ 61. Kh3 Kf5 62. Nc3 Ra3 63. Ne2 Rxf3+ 64. Kg2 Ra3 65. Nd4+ Kg4 66. Nb5 Ra2+ 67. Kg1 Kg3 68. Kf1 h3 69.
Nc3 Ra1+ 70. Ke2 h2 71. Ne4+ Kf4 72. Nxg5 Kxg5 73. Kf2 h1=Q 74. Kg3 Ra3+ 75. Kf2 Qh2+ 76. Kf1 Ra1# 0-1

[Event "*** Titled Tuesday Blitz"]
[Site "Chess.com"]
[Date "2018.10.02"]
[Round "3"]
[White "BilodeauA"]
[Black "robbykevlishvili"]
[Result "0-1"]
[WhiteElo "2882"]
[BlackElo "2677"]
[TimeControl "180+2"]
[EndTime "13:38:42 PDT"]
[Termination "robbykevlishvili won by resignation"]

1. d4 Nf6 2. Nc3 d5 3. Bf4 e6 4.
Nb5 Na6 5. e3 c6 6. Nc3 Nc7 7. Bd3 Bd6 8. Qf3 Bxf4 9. Qxf4 b6 10. Nf3 Ba6 11. Ne5 Qd6 12. O-O Rd8 13. a4 Bxd3 14.
cxd3 a5 15. Rac1 Na6 16. Na2 c5 17. Nc3 O-O 18. Nb5 Qb8 19. h3 Rc8 20. Qg3 Rfd8 21.
Rc3 cxd4 22. exd4 Nb4 23. Rfc1 Na2 24. Rxc8 Rxc8 25. Nc6 Qxg3 26. Ne7+ Kf8 27. Rxc8+ Kxe7 28. fxg3 Nb4 29. Rc3 Ne8 30. Kf2 Kd7 31. Ke3 Nc6 32. Rc1 Nd6 33. Nxd6 Kxd6 34. g4 f6 35. b3 e5 36.
dxe5+ fxe5 37. Rb1 Kc5 38. Rc1+ Kd6 39. Rf1 Ke7 40.
Rf5 g6 41. Rf1 Nd4 42. g5 Nf5+ 43. Kd2 d4 44. g4 Ne3 45. Re1 Kd6 46. Rc1 Kd7 47.
Ke2 Nd5 48. Kf3 Nc3 49. h4 Ke6 50. h5 Kd5 51. hxg6 hxg6 52. Rh1 e4+ 53. dxe4+ Nxe4 54. Kf4 d3 55. Ke3 d2 56. Ra1 Ke5 57. Ke2 Kd4 58.
Rg1 Kc3 59. Ke3 Nc5 60. Ke2 Kc2 61. Ra1 Ne4 62. Ra2+ Kc1 63. Ra1+ Kb2 64. Rg1 Kc2 65. Ke3 Nc5 66. Kd4 Nxb3+ 67. Ke5 Nc5 68. Kf6 Nxa4 69.
Kxg6 Nc5 70. Kh7 Ne6 71. g6 d1=Q 72. Rxd1 Kxd1 73. Kg8 a4 74. Kf7 a3 75. Kxe6 a2 76. g7 a1=Q 77. Kf7 Qa2+ 78. Kf8 Qa8+ 79. Ke7 Qb7+ 80.
Kf8 Qc8+ 81. Ke7 Qxg4 82. Kf7 b5 0-1